 Dungeon Crawl Stone Soup version 0.32-a0-292-g751ec8d2e7 (webtiles) character file.

Game seed: 1970780748181669263

120045 MacCMillion the Thaumaturge (level 17, -5/127 HPs)
             Began as a Djinni Alchemist on Feb 14, 2024.
             Was the Champion of Makhleb.
             Slain by a demonic crawler (6 damage)
             ... on level 1 of the Spider Nest.
             The game lasted 01:17:28 (21818 turns).

MacCMillion the Thaumaturge (Djinni Alchemist)     Turns: 21818, Time: 01:17:28

Health: -5/127     AC:  8    Str:  7    XL:     17   Next: 36%
Gold:   1718       EV: 19    Int: 23    God:    Makhleb [******] SH:  0 Dex: 16

rFire   + + .        p - +10 short sword "Leviticus" {spect, rElec rCorr}
rCold   . . .        (no shield)
rNeg    . . .        B - +1 troll leather armour
rPois   ∞            i - +0 helmet
rElec   +            x - +0 cloak {Stlth+}
rCorr   +            a - +0 pair of gloves
SInv    +            (boots unavailable)
Will    +....        N - amulet of the acrobat
Stlth   +++++        g - ring of see invisible
HPRegen 1.21/turn    Y - ring of protection from cold
MPRegen 0.00/turn

%: acrobat, infuse magic (-6 HP)
@: flying, slowed, very slow
A: sickness immunity, fire resistance 2, cold vulnerability 1, float, innate
caster, HP casting, extra vitality 1
a: Renounce Religion, Minor Destruction, Lesser Servant of Makhleb, Major
Destruction, Greater Servant of Makhleb


You were on level 1 of the Spider Nest.
You worshipped Makhleb.
Makhleb was exalted by your worship.
You visited 5 branches of the dungeon, and saw 24 of its levels.
You visited 1 bazaar.
You also visited: Sewer, Bailey and Volcano.

You collected 2432 gold pieces.
You spent 714 gold pieces at shops.

Inventory:

Hand Weapons
 e - a +3 dagger of venom
 p - the +10 short sword "Leviticus" (weapon) {spect, rElec rCorr}
   (You found it on level 3 of the Dungeon)

   rElec:     It insulates you from electricity.
   rCorr:     It protects you from acid and corrosion.
Missiles
 L - 6 throwing nets
Armour
 a - a +0 pair of gloves (worn)
 i - a +0 helmet (worn)
 x - a +0 cloak of stealth (worn)
 B - a +1 troll leather armour (worn)
Magical Staves
 A - a staff of conjuration
Jewellery
 c - a +4 ring of protection
 g - a ring of see invisible (left hand)
 l - a ring of resist corrosion
 u - a ring of positive energy
 N - an amulet of the acrobat (around neck)
 O - a +6 ring of intelligence
 X - a ring of wizardry
 Y - a ring of protection from cold (right hand)
Wands
 h - a wand of charming (42)
 m - a wand of flame (76)
 I - a wand of light (11)
 Q - a wand of iceblast (7)
Scrolls
 b - a scroll of noise
 d - 4 scrolls of enchant armour
 f - 3 scrolls of summoning
 k - 3 scrolls of torment
 n - 11 scrolls of teleportation
 o - 8 scrolls of blinking
 r - 4 scrolls of revelation
 t - 5 scrolls of fear
 y - 2 scrolls of immolation
 C - 2 scrolls of fog
 E - 3 scrolls of enchant weapon
 F - a scroll of brand weapon
 K - a scroll of vulnerability
 P - a scroll of silence
 V - 3 scrolls of identify
Potions
 j - 12 potions of heal wounds
 q - 6 potions of curing
 s - 4 potions of mutation
 v - 4 potions of magic
 w - 2 potions of might
 z - 7 potions of enlightenment
 D - 4 potions of resistance
 G - a potion of experience
 H - a potion of berserk rage
 J - 2 potions of attraction {unknown}
 M - 2 potions of invisibility {unknown}
 R - 3 potions of cancellation {unknown}
 S - 2 potions of haste
 T - 3 potions of brilliance
 U - 2 potions of lignification {unknown}
Miscellaneous
 W - a phantom mirror
 Z - a phial of floods


   Skills:
 + Level 13.6 Fighting
 - Level 10.0 Short Blades
 - Level 4.0 Armour
 + Level 13.9 Dodging
 + Level 10.1 Stealth
 + Level 14.5 Spellcasting
 + Level 14.5 Conjurations
 + Level 14.5 Hexes
   Level 0.0 Charms
 + Level 14.5 Summonings
 + Level 14.5 Necromancy
 + Level 14.5 Translocations
   Level 0.0 Transmutations
 + Level 14.5 Fire Magic
 + Level 14.5 Ice Magic
 + Level 14.5 Air Magic
 + Level 14.5 Earth Magic
 + Level 14.5 Alchemy


You knew the following spells:

 Your Spells              Type           Power      Damage    Failure   Level
a - Sting                 Conj/Alch      100%       1d9       0%          1
b - Mercury Vapours       Alch/Air       100%       N/A       1%          2
c - Mephitic Cloud        Conj/Alch/Air  70%        N/A       1%          3
d - Olgreb's Toxic Radia  Alch           70%        N/A       1%          4
e - Sticky Flame          Fire/Alch      70%        2d11      1%          4
f - Foxfire               Conj/Fire      100%       2x1d9     0%          1
g - Call Imp              Summ           100%       N/A       1%          2
h - Hailstorm             Conj/Ice       70%        3d12      1%          3
i - Frozen Ramparts       Ice            100%       1d16      1%          3
j - Vhi's Electric Charg  Tloc/Air       100%       N/A       1%          4
k - Borgnjor's Vile Clut  Necr/Erth      35%        N/A       1%          5
l - Conjure Ball Lightni  Conj/Air       35%        3x3d11    1%          6
m - Bombard               Conj/Erth      35%        9d6       1%          6
Your spell library was empty.

Dungeon Overview and Level Annotations

Branches:
Dungeon (15/15)            Temple (1/1) D:4            Lair (5/5) D:8
 Shoals (0/4) Lair:3       Spider (1/4) Lair:2        Slime (0/5) Lair:5
    Orc (2/2) D:9             Elf (0/3) Orc:2        Vaults (0/5) D:14
 Depths (0/4) D:15          Sewer (visited)          Bailey (visited)
Volcano (visited)

Altars:
Ashenzari
Cheibriados
Dithmenos
Elyvilon
Fedhas
Gozag
Hepliaklqana
Makhleb
Nemelex Xobeh
Okawaru
Qazlal
Ru
Trog
Uskayaw
Wu Jian
Xom
Yredelemnul
Zin
The Shining One
Beogh

Shops:
D:3 :   D:8 ?   D:15 [   Orc:2 =[!==

Annotations:
D:5 exclusion: statue
D:7 1 runed translucent door, Crazy Yiuf


Innate Abilities, Weirdness & Mutations

You are immune to sickness and miasma.
You are immune to poison.
Your flesh is very heat resistant. (rF++)
You are vulnerable to cold. (rC-)
You float through the air rather than walking.
You learn spells naturally, not from books.
Your magical power is your life essence.
You have superior vitality. (+4 MHP)


Message History

The radroach bites the demonic crawler.
The radroach claws the demonic crawler!
The orb spider is engulfed in noxious fumes.
The demonic crawler closely misses you. The demonic crawler hits you!
* * * LOW HITPOINT WARNING * * *
The demonic crawler misses you.
The radroach bites the demonic crawler!
The radroach claws the demonic crawler but does no damage.
The orb spider is engulfed in noxious fumes.
The orb spider appears confused.
The torpor snail attacks as it pursues you!
The torpor snail barely misses you.
The orb spider is engulfed in noxious fumes.
The orb spider appears confused.
The demonic crawler misses you.
The demonic crawler completely misses you. x2
You see here a wolf spider corpse.
The culicivora barely misses you.
The orb spider is engulfed in noxious fumes.
The orb spider appears confused.
The demonic crawler attacks as it pursues you!
The demonic crawler hits you!
* * * LOW HITPOINT WARNING * * *
The demonic crawler closely misses you.
The demonic crawler completely misses you.
The radroach is engulfed in noxious fumes.
The radroach appears confused.
The culicivora completely misses you.
The demonic crawler hits you but does no damage.
The demonic crawler misses you.
The demonic crawler completely misses you.
There is a crawl-hole back to the Lair here.
The culicivora closely misses you.
The demonic crawler hits you but does no damage.
The demonic crawler hits you!
* * * LOW HITPOINT WARNING * * *
The demonic crawler hits you!
* * * LOW HITPOINT WARNING * * *
The culicivora misses you. The torpor snail misses you.
The radroach bites the demonic crawler!
The radroach claws the demonic crawler but does no damage.
The radroach bites itself!
The radroach claws itself!
The demonic crawler barely misses you. The demonic crawler hits you.
You die...

..# .... ....
[.... #.#...
#...... ####....#
##.#@..#
...###.#ssw^##..
#...†.)B........
#...○.§.##..#...
#.>...s†..~#.....
..#.#^†#.~##..#†.
.$.....#### ....
.#.[○.# .#..
#.... #.


You could see a radroach (confused, poisoned), a torpor snail, a demonic
crawler, an orb spider (confused) and a culicivora.

Vanquished Creatures
  Rupert (Spider:1)
  An orc warlord (Bailey)
  2 dire elephants (Lair:5)
  Azrael (D:13)
  Snorg (Orc:2)
  A fire dragon (D:15)
  Harold (D:9)
  4 hydras
  Erolcha (D:13)
  3 catoblepae
  An ice dragon (Lair:5)
  3 boulder beetles
  7 ogre magi
  4 centaur warriors
  Erica (D:11)
  A death knight (D:14)
  18 two-headed ogres
  A deep troll earth mage (D:15)
  3 death yaks (Lair:5)
  Nergalle (Lair:2)
  5 skeletal warriors (D:13)
  A skyshark (Lair:5)
  Amaemon (D:9)
  A sun moth (Spider:1)
  A swamp dragon (Lair:5)
  A steelbarb worm (Spider:1)
  Pikel (D:8)
  A lindwurm (Lair:5)
  A necromancer (D:12)
  2 deep elf archers (Volcano)
  9 deep elf pyromancers
  A deep elf zephyrmancer (D:12)
  11 orc knights
  3 harpies (Lair:3)
  2 wolf spiders (Spider:1)
  2 orc sorcerers (Orc:1)
  7 manticores
  14 ugly things
  6 cyclopes
  A meliai (Lair:2)
  A meliai (shapeshifter) (D:13)
  12 elephants
  6 black mambas
  An orange demon (D:9)
  2 gargoyles
  11 cane toads
  A freezing wraith (D:14)
  2 torpor snails (Lair:2)
  An unseen horror (D:12)
  6 rime drakes
  Maggie (D:8)
  5 komodo dragons
  2 kobold demonologists (D:13)
  Psyche (D:8)
  2 tengu conjurers (D:12)
  9 trolls
  3 tarantellas (Spider:1)
  3 polar bears
  Prince Ribbit (D:9)
  19 blink frogs
  3 dream sheep (Lair:5)
  A jumping spider (Spider:1)
  16 slime creatures
  A culicivora (Spider:1)
  A spriggan (shapeshifter) (D:15)
  Sigmund (D:3)
  2 wraiths
  9 fire elementals
  A vampire (D:11)
  4 water elementals (D:14)
  16 humans (D:14)
  3 basilisks
  3 wyverns
  11 wargs
  49 yaks
  A steam dragon (Lair:5)
  4 redbacks (Spider:1)
  6 vampire mosquitoes (D:13)
  2 acid dragons
  17 water moccasins
  7 hell hounds
  3 swamp drakes (Lair:5)
  A sky beast (shapeshifter) (D:15)
  4 black bears
  28 orc warriors
  A sky beast (D:7)
  A boggart (D:15)
  A crocodile (Sewer)
  29 wolves
  A centaur (D:8)
  17 ogres
  3 lemures (D:8)
  3 kobold brigands
  9 bullfrogs
  A gnoll sergeant (D:10)
  3 scorpions
  3 wights (D:6)
  A hornet simulacrum (D:15)
  14 killer bees
  6 electric eels
  5 howler monkeys
  8 hounds
  2 jellies (D:6)
  A bombardier beetle (D:5)
  7 orc priests
  2 sleepcaps
  A gnoll bouda (D:8)
  15 orc wizards
  4 iguanas
  Natasha (twice) (D:3)
  9 adders
  14 gnolls
  3 white imps (D:6)
  2 ufetubi (D:6)
  A dart slug (D:5)
  72 orcs
  6 ball pythons
  9 bats
  9 endoplasms
  7 giant cockroaches
  18 goblins
  6 hobgoblins
  11 jackals
  34 kobolds
  6 quokkas
  5 frilled lizards
  3 rats
  A ball lightning (Spider:1)
766 creatures vanquished.

Vanquished Creatures (others)
  An ugly thing (D:15)
  A manticore (D:15)
  112 ball lightnings
  56 foxfires
170 creatures vanquished.

Grand Total: 936 creatures vanquished

Notes
Turn   | Place    | Note
-------+----------+-------------------------------------------
     0 | D:1      | MacCMillion the Djinni Alchemist began the quest for the
                  | Orb.
     0 | D:1      | MacCMillion set off with the following spells memorised:
                  | Sting, Mercury Vapours, Mephitic Cloud, Olgreb's Toxic
                  | Radiance, Sticky Flame.
     0 | D:1      | Reached XP level 1. HP: 15/15 MP: 0/0
    61 | D:1      | Reached XP level 2. HP: 20/21 MP: 0/0
   320 | D:1      | Reached XP level 3. HP: 24/25 MP: 0/0
   320 | D:1      | Learned a level 1 spell: Foxfire
   903 | D:2      | Reached XP level 4. HP: 22/31 MP: 0/0
  1203 | D:2      | Reached XP level 5. HP: 33/35 MP: 0/0
  1203 | D:2      | Learned a level 2 spell: Call Imp
  1625 | D:3      | Identified the +10 short sword "Leviticus" {spect, rElec
                  | rCorr}
  1747 | D:3      | Noticed Natasha
  1750 | D:3      | Killed Natasha
  1751 | D:3      | Reached skill level 5 in Spellcasting
  1751 | D:3      | Reached skill level 5 in Conjurations
  1751 | D:3      | Reached skill level 5 in Hexes
  1751 | D:3      | Reached skill level 5 in Summonings
  1751 | D:3      | Reached skill level 5 in Necromancy
  1751 | D:3      | Reached skill level 5 in Translocations
  1751 | D:3      | Reached skill level 5 in Fire Magic
  1751 | D:3      | Reached skill level 5 in Ice Magic
  1751 | D:3      | Reached skill level 5 in Air Magic
  1751 | D:3      | Reached skill level 5 in Earth Magic
  1751 | D:3      | Reached skill level 5 in Alchemy
  1813 | D:3      | Noticed Natasha
  1820 | D:3      | Killed Natasha
  1821 | D:3      | Reached XP level 6. HP: 29/40 MP: 0/0
  1974 | D:3      | Noticed Sigmund
  2003 | D:3      | Killed Sigmund
  2037 | D:3      | Found Ropehiv's Book Emporium.
  2044 | D:3      | Reached XP level 7. HP: 44/45 MP: 0/0
  2044 | D:3      | Learned a level 3 spell: Hailstorm
  2222 | D:4      | Found a staircase to the Ecumenical Temple.
  2232 | Temple   | Entered the Ecumenical Temple
  2284 | D:4      | Found a sacrificial altar of Ru.
  2298 | D:4      | Found a snail-covered altar of Cheibriados.
  2384 | D:4      | Found a glowing drain.
  2394 | Sewer    | Entered a sewer
  2719 | D:4      | Found a glowing silver altar of Zin.
  3173 | D:5      | Entered Level 5 of the Dungeon
  3224 | D:5      | Reached XP level 8. HP: 42/51 MP: 0/0
  3398 | D:5      | Reached skill level 1 in Fighting
  4349 | D:6      | Reached skill level 5 in Fighting
  4349 | D:6      | Reached XP level 9. HP: 64/65 MP: 0/0
  4349 | D:6      | Learned a level 3 spell: Frozen Ramparts
  4879 | D:6      | Noticed a troll
  4890 | D:6      | Killed a troll
  5645 | D:7      | Found a flagged portal.
  5657 | Bailey   | Entered a bailey
  5678 | Bailey   | Noticed an orc warlord
  5714 | Bailey   | Noticed an orc knight
  5727 | Bailey   | Reached XP level 10. HP: 75/76 MP: 0/0
  5729 | Bailey   | Killed an orc knight
  5759 | Bailey   | Found a runed translucent gate.
  5761 | Bailey   | Found a runed translucent gate.
  5763 | Bailey   | Found a runed translucent gate.
  6088 | Bailey   | Killed an orc warlord
  6089 | Bailey   | Reached skill level 10 in Spellcasting
  6089 | Bailey   | Reached skill level 10 in Conjurations
  6089 | Bailey   | Reached skill level 10 in Hexes
  6089 | Bailey   | Reached skill level 10 in Summonings
  6089 | Bailey   | Reached skill level 10 in Necromancy
  6089 | Bailey   | Reached skill level 10 in Translocations
  6089 | Bailey   | Reached skill level 10 in Fire Magic
  6089 | Bailey   | Reached skill level 10 in Ice Magic
  6089 | Bailey   | Reached skill level 10 in Air Magic
  6089 | Bailey   | Reached skill level 10 in Earth Magic
  6089 | Bailey   | Reached skill level 10 in Alchemy
  6149 | Bailey   | Identified the +5 falchion of the Toadstool {freeze, *Rage
                  | rElec rCorr Dex+2}
  6273 | D:7      | Found a runed translucent door.
  6274 | D:7      | Noticed Crazy Yiuf
  6331 | D:8      | Noticed Psyche
  6341 | D:8      | Killed Psyche
  6406 | D:8      | Noticed Pikel
  6434 | D:8      | Killed Pikel
  6435 | D:8      | Reached skill level 5 in Dodging
  6435 | D:8      | Reached XP level 11. HP: 78/81 MP: 0/0
  6435 | D:8      | Learned a level 4 spell: Vhi's Electric Charge
  6468 | D:8      | Found Somaanuph's Magic Scroll Boutique.
  6479 | D:8      | Bought a scroll of blinking for 105 gold pieces
  6485 | D:8      | Found a staircase to the Lair.
  6606 | D:8      | Noticed Maggie
  6619 | D:8      | Killed Maggie
  6685 | D:8      | Reached skill level 5 in Stealth
  6833 | D:8      | Found a bloodstained altar of Trog.
  6996 | D:9      | Noticed Harold
  7058 | D:9      | Killed Harold
  7099 | D:9      | Noticed Amaemon
  7109 | D:9      | Killed Amaemon
  7130 | D:9      | Found a staircase to the Orcish Mines.
  7213 | D:9      | Noticed a two-headed ogre
  7243 | D:9      | Killed a two-headed ogre
  7473 | D:9      | Noticed Prince Ribbit
  7479 | D:9      | Killed Prince Ribbit
  7624 | D:10     | Entered Level 10 of the Dungeon
  7919 | D:10     | Found a burning altar of Makhleb.
  7939 | D:10     | Became a worshipper of Makhleb the Destroyer
  8323 | D:11     | Noticed a two-headed ogre
  8325 | D:11     | Noticed Erica
  8327 | D:11     | Killed a two-headed ogre
  8328 | D:11     | Reached XP level 12. HP: 76/86 MP: 0/0
  8335 | D:11     | Killed Erica
  8336 | D:11     | Noticed a two-headed ogre
  8348 | D:11     | Killed a two-headed ogre
  8923 | Orc:1    | Entered Level 1 of the Orcish Mines
  9011 | Orc:1    | Reached * piety under Makhleb
  9470 | Orc:2    | Entered Level 2 of the Orcish Mines
  9470 | Orc:2    | Found a staircase to the Elven Halls.
  9475 | Orc:2    | Noticed Snorg
  9495 | Orc:2    | Killed Snorg
  9519 | Orc:2    | Found a dark tunnel.
  9531 | Orc:2    | Found Owein's Jewellery Shop.
  9573 | Orc:2    | Noticed an ogre mage
  9583 | Orc:2    | Killed an ogre mage
  9584 | Orc:2    | Reached skill level 10 in Dodging
  9593 | Orc:2    | Reached XP level 13. HP: 25/96 MP: 0/0
  9593 | Orc:2    | Learned a level 5 spell: Borgnjor's Vile Clutch
  9639 | Orc:2    | Reached ** piety under Makhleb
  9656 | Orc:2    | Noticed an ogre mage
  9661 | Volcano  | Entered a volcano
  9703 | Volcano  | Reached skill level 10 in Fighting
 10029 | Orc:2    | Killed an ogre mage
 10099 | Orc:2    | Noticed an ogre mage
 10176 | Orc:2    | Killed an ogre mage
 10221 | Orc:2    | Reached *** piety under Makhleb
 10245 | Orc:2    | Found a flickering gateway to a bazaar.
 10273 | Bazaar   | Entered a bazaar
 10273 | Bazaar   | Found Weydiy Qabad's Assorted Antiques.
 10288 | Bazaar   | Found Yxtees Ula's General Store.
 10291 | Bazaar   | Found Qeahu's General Store.
 10294 | Bazaar   | Bought a potion of enlightenment for 90 gold pieces
 10302 | Bazaar   | Bought a potion of brilliance for 36 gold pieces
 10302 | Bazaar   | Bought a potion of resistance for 90 gold pieces
 10303 | Bazaar   | Found Xoocysmo's General Store.
 10313 | Bazaar   | Found Bior's Assorted Antiques.
 10321 | Bazaar   | Bought a scroll labelled TESCHU MUANIRRI for 18 gold pieces
 10652 | Orc:2    | Reached **** piety under Makhleb
 10694 | Orc:2    | Found a roughly hewn altar of Beogh.
 10861 | Orc:2    | Reached XP level 14. HP: 105/105 MP: 0/0
 10876 | Orc:2    | Found Ythrurr's Jewellery Emporium.
 10878 | Orc:2    | Found Ytsig's Distillery.
 10885 | Orc:2    | Bought a potion of haste for 180 gold pieces
 10982 | Orc:2    | Found Vusu's Antique Armour Emporium.
 10984 | Orc:2    | Found Telad's Jewellery Shoppe.
 11152 | Lair:1   | Entered Level 1 of the Lair of Beasts
 11971 | Lair:2   | Reached ***** piety under Makhleb
 12178 | Lair:2   | Found a hole to the Spider Nest.
 12244 | Lair:2   | Found a snail-covered altar of Cheibriados.
 12367 | Lair:2   | Noticed Nergalle
 12400 | Lair:2   | Killed Nergalle
 12837 | Lair:3   | Found a staircase to the Shoals.
 13222 | Lair:3   | Reached skill level 1 in Armour
 13504 | Lair:4   | Reached skill level 1 in Short Blades
 13570 | Lair:4   | Reached XP level 15. HP: 112/112 MP: 0/0
 13570 | Lair:4   | Learned a level 6 spell: Conjure Ball Lightning
 14113 | Lair:4   | Reached skill level 5 in Short Blades
 14266 | Lair:5   | Entered Level 5 of the Lair of Beasts
 15654 | Lair:5   | Found a staircase to the Slime Pits.
 15658 | Lair:5   | Reached ****** piety under Makhleb
 16835 | D:12     | Reached skill level 10 in Short Blades
 17552 | D:13     | Reached XP level 16. HP: 84/118 MP: 0/0
 17747 | D:13     | Noticed Azrael
 17775 | D:13     | Killed Azrael
 18078 | D:13     | Noticed Erolcha
 18084 | D:13     | Killed Erolcha
 19254 | D:14     | Found a gate to the Vaults.
 19771 | D:14     | Found a blossoming altar of Fedhas.
 20551 | D:15     | Entered Level 15 of the Dungeon
 20821 | D:15     | Found a shimmering altar of Xom.
 20886 | D:15     | Found Nuhuonin's Antique Armour Shop.
 20920 | D:15     | Reached XP level 17. HP: 118/127 MP: 0/0
 20920 | D:15     | Learned a level 6 spell: Bombard
 21445 | D:15     | Bought a runed cloak for 195 gold pieces
 21529 | D:15     | Found a staircase to the Depths.
 21781 | Spider:1 | Entered Level 1 of the Spider Nest
 21794 | Spider:1 | Reached skill level 10 in Stealth
 21806 | Spider:1 | Noticed Rupert
 21815 | Spider:1 | Killed Rupert
 21818 | Spider:1 | HP: 1/127 [demonic crawler (14)]
 21818 | Spider:1 | Slain by a demonic crawler

Illustrated notes

Levels and vault maps discovered:
D:1:      dpeg_arrival_chambers_temple_mockup, layout_basic
D:2:      layout_rooms, minmay_misc_feat_tiny, chequers_serial_rivers_small_a,
          cheibrodos_gnoll_hut
D:3:      layout_rooms, serial_shops, nicolae_shop_gibbet_a_chance,
          uniq_sigmund, uniq_natasha
D:4:      layout_cave_pods, lemuel_tele_altar, mainiacjoe_overflow_24_doors,
          grunt_temple_overflow_open, minmay_temple_entry_statues_fountains,
          portal_sewer_entry_f
D:5:      layout_gridville, vehumet_statue, kennysheep_small_square
D:6:      layout_gridville
D:7:      layout_rooms, enter_bailey_7, kennysheep_windowed_goal,
          uniq_crazy_yiuf_cottage
D:8:      layout_rooms, trog_book, erik_lair_island, serial_shops, shop,
          lemuel_flamethrower_1, uniq_pikel, uniq_maggie, uniq_psyche
D:9:      layout_gridville, orc_0_dummy, uniq_prince_ribbit1, uniq_harold,
          uniq_amaemon
D:10:     layout_cave_pools, overflow_temple_1_default
D:11:     layout_cave_pools, lemuel_blue_sif_altar, uniq_erica
D:12:     layout_rooms, serial_library, serial_library_hellmonk_metal_room,
          serial_library_hellmonk_filled_rooms,
          serial_library_hellmonk_recessed_alcove,
          serial_library_hellmonk_open_cross,
          serial_library_hellmonk_recessed_alcove,
          serial_library_hellmonk_angled_corner, serial_library_hellmonk_room_a,
          serial_library_hellmonk_h_bend, serial_library_hellmonk_u_bend
D:13:     layout_roguey, grunt_ministairs_12, uniq_azrael, uniq_erolcha
D:14:     layout_basic, david_vaults_3, fedhas_altar_3
D:15:     hellmonk_depths_entry_around_the_bend, layout_long_grid,
          grunt_decor_arrowhead, serial_shops, nicolae_shop_rolling_square,
          xom_confusion_cloud
Temple:   eino_wide_crystal_templ
Lair:1:   layout_layer_cave, infiniplex_staircase_pool_2, grunt_megastairs_2
Lair:2:   layout_gridlike, hellmonk_spider_entry_not_the_bees,
          kennysheep_snail_temple, lemuel_fruit_tree, uniq_nergalle
Lair:3:   layout_hall_layers, nicolae_shoals_entry_roost,
          cheibrodos_lair_reptile_den, grunt_megastairs_3
Lair:4:   layout_cave_shapes, minmay_stone_trees_large, serial_bayou_pond_a,
          beast_lair_carwin_5, serial_bayou_shore_b
Lair:5:   guppyfry_lair_end_dragon, layout_regular_city,
          hangedman_lair_in_review, dpeg_slime_entry_enclosed
Spider:1: layout_spider_delve, nicolae_spider_scorpion_nest, uniq_rupert
Orc:1:    layout_caves
Orc:2:    st_orc_town, layout_caves, serial_shops, bzr_entry_water,
          nicolae_volcano_entry_lava_flow, minmay_shop_enchanted_jewellery,
          uniq_snorg

Skill      XL: |  1  2  3  4  5  6  7  8  9 10 11 12 13 14 15 16 17 |
---------------+----------------------------------------------------+-----
Stealth        | 2 4 8 9 10 | 10.1
Spellcasting   | 4 5 7 8 10 11 13 14 | 14.5
Conjurations   | 4 5 7 8 10 11 13 14 | 14.5
Hexes          | 4 5 7 8 10 11 13 14 | 14.5
Summonings     | 4 5 7 8 10 11 13 14 | 14.5
Necromancy     | 4 5 7 8 10 11 13 14 | 14.5
Translocations | 4 5 7 8 10 11 13 14 | 14.5
Fire Magic     | 4 5 7 8 10 11 13 14 | 14.5
Ice Magic      | 4 5 7 8 10 11 13 14 | 14.5
Air Magic      | 4 5 7 8 10 11 13 14 | 14.5
Earth Magic    | 4 5 7 8 10 11 13 14 | 14.5
Alchemy        | 4 5 7 8 10 11 13 14 | 14.5
Fighting       | 5 8 9 11 12 13 | 13.6
Dodging        | 5 8 10 12 13 | 13.9
Armour         | 4 |  4.0
Short Blades   | 2 10 | 10.0

Action                     |  1- 3 |  4- 6 |  7- 9 | 10-12 | 13-15 | 16-18 || total
---------------------------+-------+-------+-------+-------+-------+-------++-------
  Melee: Dagger            |       |     5 |       |       |       |       ||     5
         Short sword       |       |     1 |    27 |    91 |   300 |   144 ||   563
   Cast: Sting             |    46 |    83 |   124 |    48 |    48 |     2 ||   351
         Mephitic Cloud    |       |     1 |     8 |    61 |    87 |    44 ||   201
         Olgreb's Toxic Ra |       |       |    23 |    93 |   149 |    52 ||   317
         Sticky Flame      |       |       |    12 |    17 |    75 |    22 ||   126
         Foxfire           |       |       |     4 |    25 |     5 |       ||    34
         Frozen Ramparts   |       |       |     3 |       |    42 |    10 ||    55
         Call Imp          |       |       |       |     1 |     1 |       ||     2
         Hailstorm         |       |       |       |     3 |     9 |       ||    12
         Borgnjor's Vile C |       |       |       |       |     8 |     8 ||    16
         Conjure Ball Ligh |       |       |       |       |     2 |    41 ||    43
         Vhi's Electric Ch |       |       |       |       |     1 |       ||     1
         Bombard           |       |       |       |       |       |    22 ||    22
    Use: Scroll            |       |       |     6 |     2 |    12 |       ||    20
   Stab: Confused          |       |       |       |     8 |    20 |    21 ||    49
         Distracted        |       |       |       |     1 |     3 |       ||     4
         Sleeping          |       |       |       |       |     3 |       ||     3
 Armour: Robe              |    18 |    17 |    19 |       |       |       ||    54
         Troll leather arm |       |       |    15 |    54 |   172 |   175 ||   416
  Dodge: Dodged            |    11 |    16 |    20 |    68 |   228 |   141 ||   484

Table legend: (Time is in decaauts)
 A = Elapsed time spent in this place.
 B = Non-inter-level travel time spent in this place.
 C = Inter-level travel time spent in this place.
 D = Time resting spent in this place.
 E = Time spent auto-exploring this place.
 F = Levels seen in this place.
 G = Mean time per level.
                   A        B        C        D        E       F      G
               +--------+--------+--------+--------+--------+-----+--------+
         Total |  21718 |  20653 |   1065 |   3505 |  11823 |  28 |  775.6 |
       Dungeon |  13386 |  12571 |    815 |   1720 |   7752 |  15 |  892.4 |
        Temple |      1 |      1 |      0 |      0 |      0 |   1 |    1.0 |
          Lair |   5460 |   5294 |    166 |   1193 |   3079 |   5 | 1092.0 |
   Spider Nest |     37 |     37 |      0 |      0 |      0 |   1 |   37.0 |
  Orcish Mines |   1708 |   1624 |     84 |    276 |    664 |   2 |  854.0 |
        Bazaar |     76 |     76 |      0 |      0 |     42 |   1 |   76.0 |
         Sewer |    179 |    179 |      0 |     38 |     77 |   1 |  179.0 |
        Bailey |    498 |    498 |      0 |     97 |    155 |   1 |  498.0 |
       Volcano |    367 |    367 |      0 |    181 |     54 |   1 |  367.0 |
               +--------+--------+--------+--------+--------+-----+--------+

Top non-repeatable levels by time:
  Lair:5: 2243 daAuts
    D:13: 1480 daAuts
    D:14: 1298 daAuts
     D:6: 1181 daAuts
    D:12: 1084 daAuts
    D:15: 1076 daAuts
  Lair:2: 1032 daAuts
   Orc:2: 982 daAuts
     D:5: 977 daAuts
     D:1: 886 daAuts
     D:4: 877 daAuts
     D:9: 855 daAuts
  Lair:4: 792 daAuts
    D:10: 777 daAuts
  Lair:3: 742 daAuts
